 Dungeon Crawl Stone Soup version 0.31-a0-986-g5e6e4ef867 (webtiles) character file.

Game seed: 15481430605692709136

178 wildpjah the Slasher (level 5, -3/33 HPs)
             Began as a Tengu Berserker on Nov 20, 2023.
             Was a Believer of Trog.
             Slain by jujuben's ghost (9 damage)
             ... on level 3 of the Dungeon.
             The game lasted 00:03:02 (1597 turns).

wildpjah the Slasher (Tengu Berserker)              Turns: 1597, Time: 00:03:02

Health: -3/33      AC:  7    Str: 18    XL:     5   Next: 58%
Magic:  6/6        EV: 11    Int: 13    God:    Trog [**....]
Gold:   103        SH:  0    Dex: 15    Spells: 4/4 levels left

rFire   . . .        a - +0 falchion
rCold   . . .        (no shield)
rNeg    . . .        o - +0 scale mail
rPois   .            (helmet restricted)
rElec   .            (no cloak)
rCorr   .            j - +0 pair of gloves
SInv    .            (boots unavailable)
Will    .....        k - amulet of regeneration Stlth
                     b - +6 ring of intelligence
HPRegen 1.05/turn    (no ring)
MPRegen 0.10/turn

%: acrobat
@: on berserk cooldown, slowed, very slow
A: beak, talons 3, acrobatic
a: Renounce Religion, Berserk, Trog's Hand


You were on level 3 of the Dungeon.
You worshipped Trog.
Trog was pleased with you.
You visited 1 branch of the dungeon, and saw 3 of its levels.

You collected 103 gold pieces.

Inventory:

Hand Weapons
 a - a +0 falchion (weapon)
Missiles
 e - 2 datura-tipped darts
Armour
 j - a +0 pair of gloves (worn)
 n - a +0 ring mail
 o - a +0 scale mail (worn)
Jewellery
 b - a +6 ring of intelligence (left hand)
 k - an amulet of regeneration (around neck)
Scrolls
 c - a scroll of fog {unknown}
 d - a scroll of vulnerability {unknown}
 g - 4 scrolls of identify {unknown}
 h - a scroll of blinking {unknown}
 r - a scroll of immolation {unknown}
 s - a scroll of poison {unknown}
 t - a scroll of summoning {unknown}
Potions
 f - a potion of mutation {unknown}
 i - 2 potions of curing {unknown}
 l - 2 potions of lignification {unknown}
 m - a potion of heal wounds {unknown}
 q - a potion of brilliance {unknown}
 u - a potion of attraction {unknown}
 v - a potion of might {unknown}


   Skills:
 + Level 3.9 Fighting
 + Level 5.0 Long Blades
 + Level 2.8 Armour
 + Level 3.2 Dodging
 + Level 0.8 Stealth


You had 4 spell levels left.
You didn't know any spells.
Your spell library was empty.

Dungeon Overview and Level Annotations

Branches:
Dungeon (3/15)

Altars:

Annotations:
D:3 jujuben's ghost, amateur MiHu


Innate Abilities, Weirdness & Mutations

You have a beak for a mouth.
You have claws for feet.
You can magically evade attacks while moving or waiting.


Message History

The quokka is almost dead.
The quokka bites you but does no damage.
Jujuben's ghost closely misses you. The quokka closely misses you.
Jujuben's ghost hits you!
The quokka splashes around in the water.
You hit the quokka but do no damage.
The quokka is almost dead.
Jujuben's ghost hits you but does no damage.
The quokka closely misses you. The worm bites you. Jujuben's ghost hits you.
The quokka closely misses you.
You barely miss the quokka. You peck the quokka.
The quokka is almost dead.
The quokka bites you but does no damage.
The worm bites you. Jujuben's ghost hits you!
You closely miss the quokka. You claw the quokka.
You kill the quokka!
Trog accepts your kill. Jujuben's ghost hits you.
* * * LOW HITPOINT WARNING * * *
The worm bites you.
* * * LOW HITPOINT WARNING * * *
Jujuben's ghost hits you but does no damage.
Throw: throwing net
Press: ? - help, Q - select action, (/) - cycle Shift-Dir - straight line, f - worm
Aim: a worm (76% to hit)
You throw a throwing net. The throwing net hits the worm.
The worm is caught in the net!
You hear a splash.
Jujuben's ghost barely misses you.
The worm struggles against the net.
You slash the worm! You peck the worm.
The worm is severely wounded.
Jujuben's ghost hits you.
* * * LOW HITPOINT WARNING * * *
Jujuben's ghost completely misses you.
The worm struggles against the net.
You slash the worm!
You kill the worm!
Trog accepts your kill.
Jujuben's ghost hits you but does no damage.
Jujuben's ghost hits you!
You die...

...........### #.#
[..........# #.#
#..........# #.#
#..........# #.#
#..........## #.#
............# #.
.###.######.#############
.###.# #...#.#†~~~~~~~
.#...# ###...@W~~~)~~~
.#.### ###.#†~~~~~~~ .#.#
########### .#.# ##.#
#..# ..## ...# ...#


You could see jujuben's ghost.

Vanquished Creatures
  2 orc priests (D:3)
  Crazy Yiuf (D:3)
  2 adders (D:3)
  A river rat (D:3)
  3 worms
  A dart slug (D:1)
  2 orcs (D:3)
  6 endoplasms
  3 giant cockroaches
  4 hobgoblins
  3 kobolds
  5 quokkas
  6 ball pythons
  7 bats
  A frilled lizard (D:2)
  5 goblins
  3 rats
55 creatures vanquished.

Notes
Turn   | Place    | Note
-------+----------+-------------------------------------------
     0 | D:1      | wildpjah the Tengu Berserker began the quest for the Orb.
     0 | D:1      | Reached XP level 1. HP: 14/14 MP: 2/2
   170 | D:1      | You fall into a shaft and drop 1 floor!
   202 | D:2      | Reached XP level 2. HP: 10/19 MP: 3/3
   616 | D:1      | Reached XP level 3. HP: 20/23 MP: 4/4
   796 | D:1      | Reached ** piety under Trog
  1261 | D:3      | Reached skill level 4 in Long Blades
  1303 | D:3      | Reached XP level 4. HP: 24/29 MP: 5/5
  1335 | D:3      | Reached XP level 5. HP: 33/33 MP: 6/6
  1455 | D:3      | Found a runed translucent door.
  1456 | D:3      | Noticed Crazy Yiuf
  1462 | D:3      | Killed Crazy Yiuf
  1571 | D:3      | Found a runed translucent door.
  1576 | D:3      | Noticed jujuben's ghost (amateur MiHu)
  1583 | D:3      | Reached skill level 5 in Long Blades
  1597 | D:3      | Slain by jujuben's ghost

Illustrated notes

Levels and vault maps discovered:
D:1:      wander_arrival_fairy_ring, layout_basic, corner_web_ring,
          minmay_pentomino_o4
D:2:      layout_rooms, columned_hall_lemuel
D:3:      layout_basic, ebering_ghost_sewer_f, uniq_crazy_yiuf_cottage

Skill      XL: |  1  2  3  4  5 |
---------------+----------------+-----
Long Blades    | 4 5 |  5.0
Dodging        | 3 |  3.2
Fighting       | |  3.9
Armour         | |  2.8
Stealth        | |  0.8

Action                     |  1- 3 |  4- 6 || total
---------------------------+-------+-------++-------
  Melee: Falchion          |   101 |    37 ||   138
         Kick              |    20 |     9 ||    29
         Peck              |     3 |     6 ||     9
  Throw: Throwing net      |       |     1 ||     1
 Invoke: Berserk           |       |     2 ||     2
   Stab: Sleeping          |     1 |       ||     1
 Armour: Animal skin       |    30 |       ||    30
         Ring mail         |    27 |       ||    27
         Scale mail        |    14 |    39 ||    53
  Dodge: Dodged            |    99 |    26 ||   125

Table legend: (Time is in decaauts)
 A = Elapsed time spent in this place.
 B = Non-inter-level travel time spent in this place.
 C = Inter-level travel time spent in this place.
 D = Time resting spent in this place.
 E = Time spent auto-exploring this place.
 F = Levels seen in this place.
 G = Mean time per level.
                   A        B        C        D        E       F      G
               +--------+--------+--------+--------+--------+-----+--------+
         Total |   1624 |   1567 |     57 |      0 |   1175 |   3 |  541.3 |
       Dungeon |   1624 |   1567 |     57 |      0 |   1175 |   3 |  541.3 |
               +--------+--------+--------+--------+--------+-----+--------+

Top non-repeatable levels by time:
     D:1: 809 daAuts
     D:2: 436 daAuts
     D:3: 379 daAuts
